 Dungeon Crawl Stone Soup version 0.30-a0-782-ge64f9170bb (webtiles) character file.

Game seed: 9806895139312657564

340 mistaj the Trooper (level 6, -2/34 HPs)
             Began as a Vine Stalker Fighter on Feb 18, 2023.
             Slain by a black bear (6 damage)
             ... on level 4 of the Dungeon.
             The game lasted 00:03:52 (2285 turns).

mistaj the Trooper (Vine Stalker Fighter)           Turns: 2285, Time: 00:03:53

Health: -2/34      AC:  4    Str: 20    XL:     6   Next: 56%
Magic:  0/7        EV: 10    Int:  8    God:
Gold:   247        SH: 10    Dex: 14    Spells: 5/5 levels left

rFire   . . .      SeeInvis .    a - +0 war axe
rCold   . . .      Faith    .    c - +0 buckler
rNeg    + . .      Spirit   +    p - +0 troll leather armour {Pargi}
rPois   .          Reflect  +    (no helmet)
rElec   .          Harm     .    (no cloak)
rCorr   .          Rampage  .    (no gloves)
Will    .....                    (no boots)
Stlth   +                        k - amulet of reflection
HPRegen 1.85/turn                b - ring of positive energy
MPRegen 0.10/turn                (no ring)

@: no status effects
A: fangs 2, regeneration 1, magic shield, antimagic bite, no potion heal 2
a: no special abilities


You were on level 4 of the Dungeon.
You visited 1 branch of the dungeon, and saw 4 of its levels.

You collected 247 gold pieces.

Inventory:

Hand Weapons
 a - a +0 war axe (weapon)
Missiles
 r - 4 javelins (quivered)
Armour
 c - a +0 buckler (worn)
 j - a +0 plate armour
 p - a +0 troll leather armour (worn) {Pargi}
Jewellery
 b - a ring of positive energy (left hand)
 k - an amulet of reflection (around neck)
 u - a ring of protection from cold
Scrolls
 f - a scroll of magic mapping {unknown}
 g - 5 scrolls of teleportation {unknown}
 h - 2 scrolls of fog {unknown}
 n - 3 scrolls of identify {unknown}
 q - 2 scrolls of immolation {unknown}
 t - a scroll of enchant armour {unknown}
 v - a scroll of blinking {unknown}
 w - a scroll of enchant weapon {unknown}
Potions
 d - a potion of might
 e - 2 potions of heal wounds {unknown}
 i - a potion of berserk rage {unknown}
 l - a potion of degeneration {unknown}
 m - 2 potions of curing {unknown}
 o - 2 potions of brilliance {unknown}
 s - a potion of flight {unknown}


   Skills:
 + Level 4.3 Fighting
 + Level 3.8 Axes
 - Level 2.4 Armour
 + Level 4.3 Shields


You had 5 spell levels left.
You didn't know any spells.
Your spell library contained the following spells:

 Spells                   Type           Power      Damage    Failure   Level
 Necrotise                Necr           0%         1d4       54%         1
 Vampiric Draining        Necr           0%         2d6       89%         3
 Agony                    Necr           0%         N/A       100%        5


Dungeon Overview and Level Annotations

Branches:
Dungeon (4/15)
 Temple: D:4-7

Altars:
Wu Jian

Shops:
D:3 =


Innate Abilities, Weirdness & Mutations

You have extremely sharp teeth.
Your natural rate of healing is unusually fast.
When hurt, damage is shared between your health and your magic reserves.
Your bite disrupts and absorbs the magic of your enemies.
Potions cannot restore your health.


Message History

You hit the black bear but do no damage.
You bite the black bear, but do no damage.
The black bear is lightly wounded.
You block the black bear's attack.
The black bear claws you but does no damage.
The black bear claws you.
You slash the black bear!
The black bear is heavily wounded.
The black bear bites you. The black bear closely misses you.
The black bear barely misses you. The black bear bites you.
You block the black bear's attack.
The black bear claws you but does no damage.
You hit the black bear. You bite the black bear. You drain its power.
You feel invigorated.
The black bear is severely wounded.
The black bear bites you. The black bear claws you.
You block the black bear's attack.
You hit the black bear.
The black bear is almost dead.
The black bear bites you. The black bear closely misses you. x2
The black bear bites you!
* * * LOW HITPOINT WARNING * * *
You block the black bear's attack. The black bear claws you.
* * * LOW HITPOINT WARNING * * *
You barely miss the black bear. Your bite misses the black bear.
The black bear is almost dead.
The black bear goes berserk!
You barely miss the black bear. Your bite misses the black bear.
The black bear is almost dead.
The black bear completely misses you.
The black bear claws you but does no damage.
The black bear barely misses you. The black bear bites you!
* * * LOW HITPOINT WARNING * * *
The black bear claws you.
* * * LOW HITPOINT WARNING * * *
You block the black bear's attack.
You block the black bear's attack. x2; The black bear closely misses you.
The black bear attacks as you move away!
You block the black bear's attack. The black bear claws you.
You die...

#.....)...#.#..#
#####..###..#.#..#.
.# #..###.........
.####)...........##
..............#...#
#####.####.>###...###
#.# #..#.......# #.#
#......h.).# ..#
##.#...@...# .##
#.###..<#.# #.
#.###...#.# #.
#.......# # ######..#
...# .##.# . #.# #
#.#


You could see a black bear (berserk).

Vanquished Creatures
  Pargi (D:3)
  An ogre (D:4)
  A hound (D:4)
  Jessica (D:3)
  4 adders
  A dart slug (D:1)
  An orc (D:4)
  2 ball pythons (D:3)
  6 bats
  12 endoplasms
  2 giant cockroaches
  6 hobgoblins
  5 quokkas
  3 frilled lizards
  3 goblins
  6 kobolds
  6 rats (D:1)
61 creatures vanquished.

Notes
Turn   | Place    | Note
-------+----------+-------------------------------------------
     0 | D:1      | mistaj the Vine Stalker Fighter began the quest for the
                  | Orb.
     0 | D:1      | Reached XP level 1. HP: 11/11 MP: 2/2
   102 | D:1      | Reached XP level 2. HP: 15/16 MP: 3/3
   335 | D:1      | Reached XP level 3. HP: 20/20 MP: 2/4
  1420 | D:3      | Found a faded altar of an unknown god.
  1427 | D:3      | Noticed Pargi
  1453 | D:3      | Killed Pargi
  1454 | D:3      | Gained mutation: Your natural rate of healing is unusually
                  | fast. [Vine Stalker growth]
  1454 | D:3      | Reached XP level 4. HP: 7/25 MP: 5/5
  1454 | D:3      | Reached XP level 5. HP: 8/29 MP: 6/6
  1617 | D:3      | Found Sesuino's Jewellery Shop.
  1627 | D:3      | Noticed Jessica
  1629 | D:3      | Killed Jessica
  1811 | D:3      | Found an ornate altar of the Wu Jian Council.
  1979 | D:4      | Noticed an ogre
  2068 | D:4      | Reached XP level 6. HP: 33/33 MP: 4/7
  2194 | D:4      | Noticed a black bear
  2282 | D:4      | HP: 1/34 [black bear (4)]
  2285 | D:4      | Slain by a black bear

Illustrated notes

Levels and vault maps discovered:
D:1:      dpeg_arrival_rooms_with_view, layout_loops_ring
D:2:      layout_loops_cross
D:3:      layout_basic, old_standard_altar, serial_shops,
          nicolae_shop_hallway_plus, shapermc_ecumenical_altar_acropolis,
          uniq_jessica, uniq_pargi
D:4:      layout_loops_ring, general_overflow_altar,
          mainiacjoe_overflow_alcove_2

Skill      XL: |  1  2  3  4  5 |
---------------+----------------+-----
Axes           | 2 3 |  3.8
Fighting       | 3 4 |  4.3
Shields        | 3 4 |  4.3
Armour         | |  2.4

Action                     |  1- 3 |  4- 6 || total
---------------------------+-------+-------++-------
  Melee: War axe           |   103 |    67 ||   170
         Bite              |    21 |     8 ||    29
 Armour: Scale mail        |    29 |       ||    29
         Plate armour      |    37 |       ||    37
         Troll leather arm |       |    14 ||    14
  Dodge: Dodged            |    49 |    30 ||    79
  Block: Buckler           |    44 |    43 ||    87
         Reflection        |       |     1 ||     1

Table legend: (Time is in decaauts)
 A = Elapsed time spent in this place.
 B = Non-inter-level travel time spent in this place.
 C = Inter-level travel time spent in this place.
 D = Time resting spent in this place.
 E = Time spent auto-exploring this place.
 F = Levels seen in this place.
 G = Mean time per level.
                   A        B        C        D        E       F      G
               +--------+--------+--------+--------+--------+-----+--------+
         Total |   2353 |   2259 |     94 |    239 |   1363 |   4 |  588.2 |
       Dungeon |   2353 |   2259 |     94 |    239 |   1363 |   4 |  588.2 |
               +--------+--------+--------+--------+--------+-----+--------+

Top non-repeatable levels by time:
     D:3: 743 daAuts
     D:1: 705 daAuts
     D:2: 644 daAuts
     D:4: 260 daAuts
